 Dungeon Crawl Stone Soup version 0.26-a0-200-g62faa89a7e (webtiles) character file.

Game seed: 3714952185479400870

262 Gargoyl the Skirmisher (level 5, -4/67 HPs)
             Began as a Centaur Abyssal Knight on July 5, 2020.
             Was a Believer of Lugonu.
             Slain by a gnoll
             ... wielding a +0 halberd
              (6 damage)
             ... on level 3 of the Dungeon.
             The game lasted 00:03:26 (3317 turns).

Gargoyl the Skirmisher (Centaur Abyssal Knight)     Turns: 3317, Time: 00:03:26

Health: -4/67      AC: 11    Str: 14    XL:     5   Next: 97%
Magic:  7/7        EV:  7    Int: 11    God:    Lugonu [**....]
Gold:   125        SH:  0    Dex: 10    Spells: 4/4 levels left

rFire    . . .     SeeInvis .   n - +0 hand axe (venom)
rCold    . . .     Faith    .   (no shield)
rNeg     . . .     Spirit   .   e - +0 scale mail
rPois    .         Reflect  .   o - +2 helmet
rElec    .         Harm     .   (no cloak)
rCorr    .                      j - +0 pair of gloves
MR       +....                  (no barding)
Stlth    ..........             (no amulet)
HPRegen  0.21/turn              d - ring of protection from magic
MPRegen  0.10/turn              (no ring)

@: berserking, very quick
A: large, hooves 3, deformed body, speed 2, tough skin 3
a: Depart the Abyss, Bend Space, Renounce Religion


You were on level 3 of the Dungeon.
You worshipped Lugonu.
Lugonu was pleased with you.
You were not hungry.

You visited 1 branch of the dungeon, and saw 3 of its levels.
You visited the Abyss 1 time.

You collected 125 gold pieces.

Inventory:

Hand Weapons
 a - a +1 hand axe
 n - a +0 hand axe of venom (weapon)
Armour
 e - a +0 scale mail (worn)
 j - a +0 pair of gloves (worn)
 o - a +2 helmet (worn)
Jewellery
 d - a ring of protection from magic (left hand)
Scrolls
 b - a scroll of remove curse
 h - 2 scrolls of magic mapping
 i - a scroll of teleportation
 k - a scroll of amnesia {unknown}
Potions
 f - a potion of haste
Comestibles
 c - 5 rations
 m - 2 chunks of flesh


   Skills:
 + Level 3.6 Fighting
 + Level 2.9 Axes
 * Level 3.1 Armour
 * Level 1.5 Dodging
 * Level 3.3 Invocations


You had 4 spell levels left.
You didn't know any spells.
Your spell library was empty.

Dungeon Overview and Level Annotations

Branches:
Dungeon (3/15)

Altars:


Innate Abilities, Weirdness & Mutations

You have hooves in place of feet.
Armour fits poorly on your strangely shaped body.
You cover ground very quickly.
You have extremely tough skin. (AC +3)


Message History

You feel yourself moving faster!
You feel mighty!
The jackal bites you but does no damage.
The gnoll hits you with a +0 whip.
* * * LOW HITPOINT WARNING * * *
The gnoll hits you from afar with a +0 halberd!
* * * LOW HITPOINT WARNING * * *
The jackal bites you but does no damage.
The gnoll completely misses you.
You miss the jackal. You closely miss the gnoll. You barely miss the gnoll.
The gnoll hits you but does no damage.
The gnoll hits you from afar with a +0 halberd.
* * * LOW HITPOINT WARNING * * *
The jackal bites you but does no damage.
Unknown command.
You closely miss the jackal. You hit the gnoll.
The gnoll is poisoned.
You hit the gnoll.
The gnoll is poisoned.
The gnoll closely misses you. The gnoll hits you but does no damage.
The jackal bites you but does no damage.
The gnoll hits you from afar with a +0 halberd.
You die...

# ##.#....#........'..#
#.#†††....###.##...##.#
###.#./†..###
#..#...##.# #.........#
##.#...##.. #.........#
#.....#### #.........#
##..).# #. #........g#
#....# #. #####.rghg#
###.### #. #...@.#
#.....###. #.....#
#......... #######
#......... #.........
#......... #.........
#.......[. #......###
#.......#


You could see 3 gnolls, a jackal and a rat.

Vanquished Creatures
  An orc wizard (D:3)
  An orc priest (D:2)
  Jessica (D:3)
  Natasha (thrice) (D:3)
  A gnoll (D:3)
  4 adders (D:2)
  A worm (D:3)
  A dart slug (D:1)
  5 leopard geckos
  4 orcs
  2 giant cockroaches
  4 goblins
  3 hobgoblins
  3 jackals (D:3)
  4 kobolds
  5 bats
  4 frilled lizards
  6 rats
53 creatures vanquished.

Notes
Turn   | Place    | Note
-------+----------+-------------------------------------------
     0 | Abyss:1  | Gargoyl the Centaur Abyssal Knight began the quest for the
                  | Orb.
     0 | Abyss:1  | Reached XP level 1. HP: 19/19 MP: 2/2
   126 | Abyss:3  | Noticed a small abomination
   135 | D:1      | Escaped the Abyss
   636 | D:1      | Reached * piety under Lugonu
   755 | D:1      | Reached XP level 2. HP: 26/26 MP: 3/3
  1688 | D:2      | Reached skill level 1 in Dodging
  1688 | D:2      | Reached XP level 3. HP: 23/31 MP: 4/4
  2571 | D:2      | Reached XP level 4. HP: 38/38 MP: 5/5
  2977 | D:3      | Noticed Jessica
  2983 | D:3      | Killed Jessica
  2983 | D:3      | Reached XP level 5. HP: 45/45 MP: 7/7
  2998 | D:3      | Noticed Natasha
  3004 | D:3      | Killed Natasha
  3281 | D:3      | Noticed Natasha
  3292 | D:3      | Killed Natasha
  3295 | D:3      | Noticed Natasha
  3300 | D:3      | Reached ** piety under Lugonu
  3301 | D:3      | Killed Natasha
  3316 | D:3      | HP: 1/67 [gnoll/+0 halberd (6)]
  3317 | D:3      | Slain by a gnoll

Illustrated notes

Levels and vault maps discovered:
D:1:      dpeg_arrival_water_temple_mockup, layout_loops_corners
D:2:      layout_basic
D:3:      layout_basic, first_ration, uniq_jessica, uniq_terence, uniq_natasha

Skill      XL: |  1  2  3  4  5 |
---------------+----------------+-----
Axes           | 2 |  2.9
Armour         | 2 3 |  3.1
Dodging        | 1 |  1.5
Invocations    | 3 |  3.3
Fighting       | |  3.6

Action                   |  1- 3 |  4- 6 || total
-------------------------+-------+-------++-------
Melee: Hand axe          |   108 |    56 ||   164
       Kick              |    13 |    14 ||    27
Invok: Depart the Abyss  |     1 |       ||     1
  Use: Scroll            |     3 |       ||     3
       Potion            |       |     2 ||     2
  Eat: Chunk             |     4 |     2 ||     6
Armor: Scale mail        |    59 |    46 ||   105
Dodge: Dodged            |    44 |    32 ||    76

Table legend:
 A = Non-vault XP
 B = Vault XP
 C = Vault XP percentage of total XP
 D = Non-vault monster count
 E = Vault monster count
 F = Vault count percentage of total count
                 A         B        C        D         E       F
            +---------+---------+-------+---------+---------+-------
      Total |     301 |      74 |  19.7 |      51 |       2 |   3.8
            +---------+---------+-------+---------+---------+-------
        D:1 |      16 |       0 |   0.0 |       9 |       0 |   0.0
        D:2 |     124 |       0 |   0.0 |      23 |       0 |   0.0
        D:3 |     161 |      74 |  31.5 |      19 |       2 |   9.5
            +---------+---------+-------+---------+---------+-------
